 Dungeon Crawl Stone Soup version 0.28.0-45-g0d030f2227 (webtiles) character file.

Game seed: 2413670353512151373

91 Peloso the Skirmisher (level 4, -8/41 HPs)
             Began as a Minotaur Fighter on Apr 10, 2022.
             Mangled by Crazy Yiuf
             ... wielding a +2 quarterstaff of chaos
              (12 damage)
             ... on level 2 of the Dungeon.
             The game lasted 00:02:52 (2123 turns).

Peloso the Skirmisher (Minotaur Fighter)            Turns: 2123, Time: 00:02:53

Health: -8/41      AC:  7    Str: 21    XL:     4   Next: 34%
Magic:  3/3        EV:  9    Int:  5    God:
Gold:   98         SH:  4    Dex: 11    Spells: 3/3 levels left

rFire   . . .      SeeInvis .   a - +0 long sword
rCold   . . .      Faith    .   c - +0 buckler
rNeg    . . .      Spirit   .   b - +0 scale mail
rPois   .          Reflect  .   (helmet restricted)
rElec   .          Harm     .   (no cloak)
rCorr   .          Rampage  .   (no gloves)
Will    .....                   (no boots)
Stlth   ..........              (no amulet)
HPRegen 0.13/turn               (no ring)
MPRegen 0.08/turn               (no ring)

@: no status effects
A: horns 2, retaliatory headbutt
a: no special abilities


You were on level 2 of the Dungeon.
You visited 1 branch of the dungeon, and saw 2 of its levels.

You collected 98 gold pieces.

Inventory:

Hand Weapons
 a - a +0 long sword (weapon)
Armour
 b - a +0 scale mail (worn)
 c - a +0 buckler (worn)
Scrolls
 f - a scroll of immolation
 i - a scroll of brand weapon {unknown}
 j - 2 scrolls of identify {unknown}
 k - a scroll of fog {unknown}
 l - a scroll of teleportation {unknown}
Potions
 d - a potion of might
 e - a potion of degeneration {unknown}
 g - a potion of berserk rage {unknown}
 h - 2 potions of brilliance {unknown}
 m - a potion of curing


   Skills:
 + Level 4.4 Fighting
 + Level 3.9 Long Blades
 + Level 4.1 Armour
 + Level 0.2 Dodging
 + Level 0.4 Stealth
 + Level 4.1 Shields


You had 3 spell levels left.
You didn't know any spells.
Your spell library was empty.

Dungeon Overview and Level Annotations

Branches:
Dungeon (2/15)

Altars:

Annotations:
D:2 Crazy Yiuf


Innate Abilities, Weirdness & Mutations

You have a pair of horns on your head.
You reflexively headbutt those who attack you in melee.


Message History

You feel stronger.
Things that are here:
a +0 short sword; a +0 scale mail You open the door.
There is an open door here.
You open the door.
There is an open door here.
Key pressed, stopping explore.
There is a stone staircase leading down here.
There is an open door here.
There is an open door here.
You open the door. You hit Crazy Yiuf but do no damage.
You block Crazy Yiuf's attack.
You hit Crazy Yiuf but do no damage.
Crazy Yiuf hits you with a +2 quarterstaff of chaos!
Crazy Yiuf freezes you.
You slash Crazy Yiuf!
Crazy Yiuf is heavily wounded.
Crazy Yiuf barely misses you.
Crazy Yiuf hits you with a +2 quarterstaff of chaos.
You are electrocuted!!
* * * LOW HITPOINT WARNING * * *
You hit Crazy Yiuf but do no damage.
Crazy Yiuf is heavily wounded.
You block Crazy Yiuf's attack.
You hit Crazy Yiuf.
Crazy Yiuf is severely wounded.
Crazy Yiuf laughs, "Adder ladder bush!"
Crazy Yiuf hits you with a +2 quarterstaff of chaos!
* * * LOW HITPOINT WARNING * * *
Crazy Yiuf draws strength from your wounds!
You hit Crazy Yiuf.
Crazy Yiuf is severely wounded.
Crazy Yiuf drinks a potion.
Crazy Yiuf is healed!
Crazy Yiuf closely misses you.
You hit Crazy Yiuf.
Crazy Yiuf is moderately wounded.
Crazy Yiuf whimpers, "Orb!
Goldfish canine disdain."
Crazy Yiuf hits you with a +2 quarterstaff of chaos!
You die...

..# #.#
##.#####........# #...
### #.# #.#
##..#.....# ##..
#####.# #.#
#......##.# ##.
......# ###
########### #. #######
#. # ##' ## ####♣♣ ###
##.. .## ##....♣♣
♣♣#..)# ##... ..##
#......♣♣♣♣@g...#
##....
...###.......♣..♣#...#
#####.....
...'........♣.♣♣♣ ###
#...'.(...
...####.##♣♣♣♣♣
#####..... ..## ###
##.... .## ### ###
##... ## #.# #.# ##..
# #.# #.# ###' #.#
###.### #...


You could see Crazy Yiuf.

Vanquished Creatures
  Terence (D:2)
  2 adders (D:2)
  3 worms (D:2)
  3 dart slugs (D:1)
  3 ball pythons
  A bat (D:1)
  6 endoplasms
  A giant cockroach (D:1)
  3 goblins
  2 hobgoblins
  3 kobolds
  4 frilled lizards
  2 rats (D:1)
34 creatures vanquished.

Notes
Turn   | Place    | Note
-------+----------+-------------------------------------------
     0 | D:1      | Peloso the Minotaur Fighter began the quest for the Orb.
     0 | D:1      | Reached XP level 1. HP: 19/19 MP: 0/0
   143 | D:1      | Reached XP level 2. HP: 25/27 MP: 1/1
   313 | D:1      | Found a faded altar of an unknown god.
   693 | D:1      | Reached XP level 3. HP: 33/33 MP: 2/2
  1359 | D:2      | Found a runed translucent door.
  1360 | D:2      | Noticed Crazy Yiuf
  1608 | D:2      | Noticed Terence
  1623 | D:2      | Killed Terence
  1624 | D:2      | Reached XP level 4. HP: 8/41 MP: 3/3
  2123 | D:2      | Mangled by Crazy Yiuf

Illustrated notes

Levels and vault maps discovered:
D:1:      dpeg_arrival_ternary, layout_basic, hellmonk_ecumenical_altar_blasted,
          minmay_indecisive_spiral
D:2:      layout_loops_corners, uniq_terence, uniq_crazy_yiuf_cottage

Skill      XL: |  1  2 |
---------------+-------+-----
Shields        | 4 |  4.1
Long Blades    | 3 |  3.9
Fighting       | 4 |  4.4
Armour         | 4 |  4.1
Dodging        | |  0.2
Stealth        | |  0.4

Action                   |  1- 3 |  4- 6 || total
-------------------------+-------+-------++-------
Melee: Long sword        |    98 |     7 ||   105
       Headbutt          |    11 |       ||    11
Armor: Scale mail        |    44 |       ||    44
Dodge: Dodged            |    41 |     2 ||    43
Block: Buckler           |    21 |     2 ||    23
